Map: Dusk Towers

Players

SendauTPeru

  • Race: Terran Terran
  • League: Master

MCanning - Winner!

  • Race: Protoss Protoss
  • League: Grandmaster

VOD

http://www.twitch.tv/mcanning/v/30690643

Description

Time

  • Played on: Dec. 19, 2015, 3:47 a.m.
  • Length: 18:54
Show
View Real Time Build Order
Export as new Build Order

SendauTPeru Terran 

Build Orders: MMM Bio 

Get SALT Encoding   

  12  0:01  SCV  
  13  0:13  SCV  
  14  0:18  Supply Depot  
  14  0:25  SCV  
  15  0:39  SCV  
  15  0:42  Barracks  
  16  0:45  Refinery  
  16  0:51  SCV  
  17  1:03  SCV  
  18  1:15  SCV  
  19  1:29  Marine  
  19  1:31  Orbital Command  
  20  1:46  Command Center  
  20  1:48  Marine  
  21  1:56  Supply Depot  
  21  1:59  SCV  
  22  2:09  Factory  
  22  2:13  Marine  
  23  2:18  SCV  
  24  2:27  Engineering Bay  
  24  2:30  SCV, Marine  
  26  2:42  SCV  
  27  2:50  Marine  
  28  2:54  Factory Tech Lab, SCV  
  29  3:00  Supply Depot  
  29  3:02  Missile Turret  
  29  3:04  Orbital Command  
  29  3:06  Missile Turret  
  29  3:14  Cyclone  
  29  3:15  Marine  
  33  3:21  SCV  
  34  3:33  Bunker  
  34  3:35  SCV  
  34  3:38  SCV, Starport  
  36  3:47  SCV  
  36  3:53  SCV  
  37  3:56  Factory Reactor  
  37  3:58  Marine  
  38  4:03  Refinery  
  38  4:07  Command Center  
  38  4:10  SCV x2  
  40  4:24  SCV  
  41  4:27  Liberator  
  38  4:36  Marine  
  39  4:40  Barracks  
  39  4:45  Barracks x2  
  42  4:46  SCV  
  42  4:47  SCV  
  42  4:51  Refinery x2  
  44  4:54  Barracks  
  44  4:57  Barracks  
  44  4:58  Marine  
  45  5:02  Factory Reactor  
  45  5:04  SCV  
  46  5:14  SCV  
  46  5:16  Barracks  
  46  5:17  SCV  
  46  5:18  Barracks  
  46  5:20  Orbital Command  
  48  5:25  Terran Infantry Weapons Level 1  
  48  5:34  Stimpack, Marine  
  49  5:36  SCV x2, Barracks Tech Lab  
  49  5:37  Barracks Tech Lab  
  49  5:40  Liberator  
  51  5:43  Barracks Reactor  
  51  5:47  Barracks Tech Lab  
  51  5:48  SCV  
  51  5:49  Supply Depot  
  52  5:53  SCV x2, Missile Turret  
  54  5:59  Barracks Reactor  
  54  6:02  Combat Shields  
  57  6:05  Barracks Tech Lab  
  57  6:06  SCV  
  57  6:11  Marauder  
  60  6:15  Orbital Command  
  60  6:17  Marauder x2  
  64  6:23  SCV x2  
  63  6:29  Medivac, Marauder x2  
  63  6:32  Supply Depot  
  69  6:35  SCV x2  
  69  6:36  Barracks Reactor  
  69  6:38  Engineering Bay  
  71  6:43  SCV  
  71  6:45  Armory  
  72  6:47  SCV  
  72  6:48  SCV  
  72  6:51  Marauder  
  72  6:52  Concussive Shells  
  72  6:54  Marauder x2  
  80  6:57  Supply Depot  
  80  7:00  Supply Depot  
  80  7:04  SCV x2  
  80  7:05  SCV, Refinery  
  80  7:06  Refinery  
  80  7:07  Marine x2  
  85  7:13  Medivac  
  87  7:16  SCV  
  87  7:17  SCV  
  87  7:18  SCV  
  87  7:20  Marauder x2  
  94  7:28  Supply Depot  
  94  7:29  Terran Infantry Armor Level 1  
  94  7:33  Marine x2  
  94  7:34  Marauder, Marine  
  94  7:35  Supply Depot  
  99  7:39  SCV  
  99  7:40  SCV  
  99  7:42  Terran Infantry Weapons Level 2  
  101  7:50  SCV  
  102  7:53  SCV  
  102  7:58  SCV  
  104  8:03  Marauder x2, Marine x4  
  104  8:04  Marauder  
  114  8:08  SCV  
  115  8:17  Marine x2  
  115  8:18  Marauder x2  
  115  8:19  Medivac x2  
  125  8:26  Supply Depot  
  125  8:29  Marine  
  125  8:30  Marauder x3  
  125  8:32  Liberator  
  125  8:34  Supply Depot  
  132  8:38  Liberator  
  132  8:48  Starport, Marauder x2  
  141  9:06  Marine x2, Marauder x3  
  149  9:10  Supply Depot  
  149  9:11  Supply Depot  
  149  9:24  Starport Tech Lab  
  149  9:25  Supply Depot  
  149  9:29  Fusion Core  
  149  9:32  Marauder x4  
  149  9:33  Liberator, Medivac  
  149  9:38  Medivac  
  160  9:46  Terran Infantry Armor Level 2  
  160  9:48  Widow Mine, Marine x3  
  160  9:49  Marauder, Widow Mine  
  160  9:52  Supply Depot  
  172  9:55  Supply Depot  
  172  10:10  Liberator, Marauder  
  134  10:24  Command Center, Advanced Ballistics  
  134  10:25  Marine x4  
  134  10:26  Marine, Marauder x4  
  150  10:31  Medivac, Marauder  
  149  10:53  Liberator  
  149  10:54  Liberator x2  
  149  10:55  Terran Infantry Weapons Level 3  
  149  10:59  Marine  
  149  11:00  Marauder  
  123  11:20  Marine  
  123  11:21  Marauder  
  126  11:33  Marine x2  
  126  11:34  Marauder  
  126  11:36  Liberator, Marine x2  
  126  11:37  Marauder x2  
  131  11:49  Marauder, Marine x2  
  131  11:54  Medivac x2  
  137  12:12  Marine x3  
  137  12:13  Marauder x2  
  134  12:24  Marauder x2, Marine x3  
  134  12:25  Marauder  
  126  12:30  Medivac, Marine x3  
  126  12:31  Medivac  
  126  12:34  Marauder x2  
  126  12:35  Widow Mine x2  
  141  12:41  Marine  
  141  12:42  Marine  
  143  12:46  Marauder x2  
  143  12:49  Planetary Fortress  
  147  12:53  Terran Infantry Armor Level 3  
  147  12:56  Medivac  
  149  13:00  Medivac  
  151  13:15  Marine x2  
  151  13:16  Marauder  
  155  13:25  Marine x3  
  155  13:26  Medivac x2, Marauder x3  
  168  13:30  Medivac  
  157  13:41  Marine x2  
  157  13:42  Marauder x2  
  157  13:46  Marine x2  
  157  13:47  Marauder  
  167  13:56  Marine  
  167  13:57  Marauder x2, Marine  
  167  13:58  Medivac x2  
  167  13:59  Marine x2  
  167  14:01  Refinery  
  167  14:02  Refinery  
  179  14:03  Marauder  
  166  14:33  Marine  
  135  14:42  Marauder, Marine x2  
  136  14:51  Marine x3  
  136  14:52  Marine, Marauder x3  
  119  14:55  Marine  
  119  14:58  Medivac  
  119  14:59  Marine, Medivac  
  118  15:00  Viking, Marine  
  118  15:04  Marauder  
  124  15:13  Marauder  
  126  15:14  Marine x4  
  126  15:15  Marauder x3  
  126  15:17  Marine  
  126  15:18  Marine  
  126  15:19  Widow Mine  
  126  15:20  Command Center, Widow Mine  
  142  15:25  Marauder  
  144  15:30  Ghost Academy  
  144  15:32  Marine  
  144  15:34  Marauder  
  144  15:36  Marauder  
  146  15:49  Marine  
  147  15:50  Marauder  
  128  16:10  Marine  
  128  16:11  Marauder x2, Marine  
  103  16:14  Marine x2  
  103  16:15  Marauder x3, Marine x2  
  113  16:27  Viking x2  
  113  16:28  Marine x2  
  113  16:32  Marauder, Marine x3  
  124  16:33  Marauder, Marine  
  124  16:36  Marauder x2  
  124  16:37  Marauder  
  131  16:46  Marine x2  
  133  16:50  Marine  
  136  16:54  Marauder x2  
  136  16:56  Marine x3  
  136  16:58  Marauder x3  
  123  17:17  SCV  
  123  17:22  Marine x3  
  115  17:23  Marauder x4, Marine x2  
  115  17:29  Viking  
  129  17:30  Viking  
  129  17:49  Marine x3  
  129  17:50  Marauder x3, Marine  
  93  18:14  Marine x2  
  93  18:15  Marauder  
  93  18:19  Marauder x2, Marine x3  
  89  18:20  Marauder  
  87  18:34  SCV  
  87  18:35  SCV x2  
Show
View Real Time Build Order
Export as new Build Order

MCanning Protoss - Winner!

Build Orders: 1 Gate Expand, Blink Stalkers 

Get SALT Encoding   

  12  0:01  Probe (Chrono Boost)  
  13  0:12  Probe (Chrono Boost)  
  14  0:18  Pylon  
  14  0:22  Probe (Chrono Boost)  
  15  0:36  Probe (Chrono Boost)  
  15  0:39  Gateway  
  16  0:47  Probe (Chrono Boost)  
  17  0:54  Assimilator  
  17  0:58  Probe (Chrono Boost)  
  18  1:08  Probe (Chrono Boost)  
  19  1:19  Nexus  
  19  1:30  Cybernetics Core  
  19  1:32  Probe (Chrono Boost)  
  20  1:41  Assimilator  
  20  1:42  Probe (Chrono Boost)  
  21  1:50  Pylon  
  21  1:53  Probe (Chrono Boost)  
  22  2:03  Probe (Chrono Boost)  
  22  2:14  Mothership Core (Chrono Boost)  
  24  2:15  Adept (Chrono Boost)  
  26  2:24  Warp Gate  
  26  2:34  Probe x2 (Chrono Boost)  
  26  2:35  Pylon  
  28  2:45  Probe x2 (Chrono Boost)  
  30  2:51  Twilight Council  
  30  2:55  Probe (Chrono Boost)  
  30  2:56  Probe (Chrono Boost)  
  32  3:00  Stalker  
  34  3:06  Probe x2 (Chrono Boost)  
  36  3:16  Probe (Chrono Boost)  
  36  3:17  Robotics Facility  
  36  3:18  Probe (Chrono Boost)  
  39  3:27  Probe (Chrono Boost)  
  39  3:33  Probe (Chrono Boost)  
  40  3:41  Gateway  
  40  3:43  Gateway  
  40  3:45  Probe x2 (Chrono Boost)  
  42  3:48  Blink (Chrono Boost)  
  42  3:55  Probe x2 (Chrono Boost)  
  41  3:59  Pylon  
  41  4:01  Pylon  
  42  4:04  Observer (Chrono Boost)  
  42  4:07  Probe  
  44  4:12  Probe, Assimilator  
  44  4:16  Assimilator  
  45  4:32  Probe (Chrono Boost)  
  45  4:37  Observer (Chrono Boost)  
  47  4:44  Probe (Chrono Boost), Nexus  
  48  4:46  Pylon  
  48  4:47  Stalker  
  48  4:48  Stalker  
  48  4:49  Gateway  
  48  4:50  Gateway  
  48  4:52  Sentry  
  55  5:00  Probe (Chrono Boost)  
  55  5:01  Probe (Chrono Boost)  
  55  5:04  Observer  
  57  5:13  Probe (Chrono Boost)  
  58  5:15  Probe (Chrono Boost), Robotics Bay  
  58  5:16  Pylon  
  59  5:23  Probe (Chrono Boost)  
  59  5:26  Probe (Chrono Boost)  
  61  5:32  Forge  
  61  5:34  Stalker, Probe (Chrono Boost)  
  61  5:35  Forge  
  64  5:36  Probe (Chrono Boost)  
  65  5:44  Probe (Chrono Boost)  
  65  5:46  Stalker x2  
  65  5:47  Probe (Chrono Boost)  
  71  5:55  Probe (Chrono Boost)  
  72  5:57  Probe x2 (Chrono Boost)  
  72  6:02  Disruptor (Chrono Boost)  
  77  6:05  Probe  
  77  6:08  Protoss Ground Weapons Level 1, Protoss Ground Armor Level 1  
  78  6:19  Probe  
  78  6:20  Probe  
  78  6:23  Probe, Photon Cannon  
  78  6:25  Pylon  
  81  6:26  Photon Cannon  
  81  6:30  Photon Cannon  
  81  6:31  Probe (Chrono Boost)  
  81  6:32  Stalker x3  
  88  6:33  Probe (Chrono Boost)  
  88  6:37  Disruptor (Chrono Boost)  
  92  6:44  Probe x2  
  92  6:46  Assimilator  
  94  6:49  Pylon  
  94  6:50  Assimilator  
  94  6:54  Probe  
  94  6:57  Resonating Glaives  
  94  6:58  Pylon  
  95  7:06  Stalker x2  
  95  7:07  Stalker x2  
  103  7:09  Disruptor (Chrono Boost)  
  106  7:23  Gateway  
  106  7:26  Probe  
  106  7:28  Gateway  
  106  7:29  Pylon  
  107  7:30  Pylon  
  107  7:37  Probe  
  107  7:40  Disruptor (Chrono Boost)  
  111  7:51  Probe  
  106  8:00  Stalker x5  
  106  8:03  Probe  
  113  8:08  Disruptor (Chrono Boost)  
  113  8:09  Gateway  
  113  8:12  Gateway  
  116  8:21  Protoss Ground Armor Level 2 (Chrono Boost), Protoss Ground Weapons Level 2 (Chrono Boost)  
  116  8:23  Probe  
  116  8:25  Adept x5  
  116  8:26  Adept  
  129  8:35  Probe, Dark Shrine  
  129  8:38  Nexus  
  129  8:41  Pylon  
  130  8:42  Pylon  
  130  8:43  Stalker  
  130  8:45  Stalker x2  
  136  8:50  Stalker  
  136  8:51  Stalker  
  140  8:58  Pylon x2  
  140  9:01  Pylon  
  140  9:15  Photon Cannon  
  140  9:17  Adept, Disruptor  
  140  9:18  Adept, Photon Cannon  
  140  9:20  Pylon  
  140  9:22  Photon Cannon  
  147  9:27  Adept  
  147  9:28  Adept x2  
  153  9:32  Adept  
  153  9:33  Adept  
  153  9:36  Probe  
  158  9:43  Probe  
  159  9:50  Pylon  
  159  9:52  Stalker  
  159  9:53  Stalker x4  
  169  10:01  Probe  
  163  10:07  Stargate  
  163  10:08  Stargate  
  143  10:21  Probe  
  143  10:27  Protoss Ground Weapons Level 3 (Chrono Boost), Protoss Ground Armor Level 3 (Chrono Boost)  
  143  10:28  Nexus  
  143  10:32  Pylon  
  143  10:34  Stalker x3  
  143  10:35  Disruptor  
  149  10:39  Probe  
  149  10:41  Probe  
  154  10:45  Probe  
  151  10:50  Stalker x2  
  155  11:00  Probe x2  
  155  11:03  Probe  
  154  11:06  Stalker x4  
  162  11:12  Probe  
  162  11:15  Probe x2, Disruptor  
  162  11:17  Stalker x2  
  163  11:24  Probe  
  167  11:27  Probe  
  166  11:36  Stalker x4  
  174  11:41  Probe x2  
  176  11:48  Assimilator  
  176  11:51  Stalker  
  176  11:52  Assimilator  
  178  11:55  Fleet Beacon  
  178  11:58  Adept  
  178  11:59  Adept  
  176  12:06  Adept  
  176  12:07  Adept x2  
  172  12:12  Adept x2  
  164  12:20  Adept x2  
  164  12:21  Disruptor  
  155  12:43  Tempest (Chrono Boost)  
  163  12:45  Probe, Tempest (Chrono Boost)  
  164  12:52  Disruptor  
  167  13:04  Zealot x2  
  171  13:08  Probe  
  171  13:09  Probe  
  173  13:15  Probe  
  173  13:22  Tempest (Chrono Boost)  
  173  13:26  Observer  
  177  13:29  Protoss Shields Level 1  
  177  13:31  Probe  
  177  13:32  Probe  
  177  13:33  Probe  
  181  13:35  Nexus  
  181  13:37  Pylon  
  185  13:42  Tempest (Chrono Boost)  
  185  13:45  Protoss Air Weapons Level 1  
  185  13:49  Zealot  
  185  13:51  Zealot  
  185  13:55  Charge  
  189  14:00  Tempest (Chrono Boost)  
  193  14:15  Zealot x3  
  199  14:20  Zealot  
  199  14:21  Zealot  
  196  14:28  Adept x4  
  191  14:37  Adept x2  
  168  14:38  Probe  
  168  14:40  Adept  
  168  14:41  Dark Templar x2  
  168  14:43  Tempest (Chrono Boost)  
  168  14:53  Probe  
  168  14:55  Stalker, Disruptor, Assimilator  
  171  15:03  Stalker x3  
  171  15:04  Stalker  
  182  15:09  Oracle (Chrono Boost)  
  182  15:11  Zealot  
  182  15:13  Zealot  
  189  15:17  Probe  
  190  15:24  Tempest (Chrono Boost)  
  192  15:41  Tempest (Chrono Boost)  
  196  16:03  Tempest (Chrono Boost)  
  188  16:08  Probe  
  167  16:13  Stalker x4  
  167  16:14  Stalker  
  167  16:18  Probe, Tempest (Chrono Boost)  
  182  16:38  Nexus  
  182  16:40  Tempest (Chrono Boost)  
  182  16:41  Pylon  
  186  16:47  Dark Templar x2  
  186  16:48  Dark Templar  
  182  16:54  Dark Templar  
  182  16:55  Tempest (Chrono Boost)  
  166  17:21  Stalker x2  
  165  17:24  Probe  
  165  17:27  Probe  
  167  17:50  Probe  
  161  18:03  Probe  
  158  18:08  Probe  
  158  18:12  Probe  
  142  18:18  Stalker x5  
  142  18:19  Stalker x3  
  142  18:36  Probe  
  141  18:41  Probe  
  141  18:44  Adept  
  141  18:45  Adept x4  
Tags
 
Add a new tag
Caveats
  • Supply blocks, unpowered buildings, or Contaminate may cause inaccurate times.
  • Supply counts are checked every 10 seconds.